 Dungeon Crawl Stone Soup version 0.31.0-32-g396128a36d (webtiles) character file.

Game seed: 17092721331898455355

2225 AgateBread the Destroyer (level 9, -18/62 HPs)
             Began as a White Draconian Conjurer on Apr 14, 2024.
             Was an Initiate of Yredelemnul.
             Demolished by an orc knight
             ... wielding a +0 halberd
              (27 damage)
             ... in a bailey.
             The game lasted 00:42:59 (9728 turns).

AgateBread the Destroyer (White Draconian Conjurer) Turns: 9728, Time: 00:43:00

Health: -18/62     AC: 11    Str: 10    XL:     9   Next: 13%
Magic:  15/21      EV: 12    Int: 19    God:    Yredelemnul [......]
Gold:   301        SH:  0    Dex: 13    Spells: 18/24 levels left

rFire   . . .        l - +2 dagger (venom)
rCold   + . .        (no shield)
rNeg    . . .        (body armour unavailable)
rPois   .            (helmet restricted)
rElec   .            e - +1 cloak
rCorr   .            j - +0 pair of gloves
SInv    .            D - +0 pair of boots
Will    .....        (no amulet)
Stlth   +            (no ring)
HPRegen 0.30/turn    (no ring)
MPRegen 0.17/turn

%: no passive effects
@: lethally poisoned (-18 -> -34), very slow
A: breathe frost, AC +7, unfitting armour, cold resistance 1, cold-blooded
a: Breathe Frost, Renounce Religion, Recall Undead Harvest


You were in a bailey.
You worshipped Yredelemnul.
Yredelemnul was noncommittal.
You visited 2 branches of the dungeon, and saw 8 of its levels.
You also visited: Ossuary and Bailey.

You collected 301 gold pieces.

Inventory:

Hand Weapons
 k - a +0 short sword
 l - a +2 dagger of venom (weapon)
 J - a +4 dagger of freezing
 K - a +0 falchion
Armour
 e - a +1 cloak (worn)
 j - a +0 pair of gloves (worn)
 t - a +0 buckler
 D - a +0 pair of boots (worn)
Jewellery
 m - an amulet of faith
 y - a ring of protection from cold
 F - an amulet of guardian spirit
 H - a ring of fire
Wands
 p - a wand of flame (29)
Scrolls
 b - 4 scrolls of teleportation
 f - 2 scrolls of noise
 h - 2 scrolls of vulnerability
 u - a scroll of enchant armour
 w - 2 scrolls of fear {unknown}
 x - a scroll of silence {unknown}
 A - a scroll of fog {unknown}
 B - 3 scrolls of enchant weapon {unknown}
 C - a scroll of summoning {unknown}
 I - 2 scrolls of immolation {unknown}
Potions
 c - 2 potions of brilliance
 g - 2 potions of ambrosia
 i - 3 potions of attraction
 n - a potion of lignification {unknown}
 o - 2 potions of enlightenment {unknown}
 q - 3 potions of might
 r - 2 potions of heal wounds {unknown}
 s - 2 potions of curing
 v - a potion of resistance {unknown}
 z - a potion of degeneration {unknown}


   Skills:
 - Level 1.7 Dodging
 - Level 1.7 Stealth
 - Level 8.0 Spellcasting
 - Level 8.0 Conjurations
 + Level 5.3 Necromancy


You had 18 spell levels left.
You knew the following spells:

 Your Spells              Type           Power      Damage    Failure   Level
a - Magic Dart            Conj           100%       1d8       1%          1
b - Searing Ray           Conj           76%        2d7       1%          2
c - Fugue of the Fallen   Necr           27%        N/A       3%          3

Your spell library contained the following spells:

 Spells                   Type           Power      Damage    Failure   Level
 Necrotise                Necr           100%       1d9       1%          1
 Sting                    Conj/Alch      88%        1d8       1%          1
 Dazzling Flash           Conj/Hex       44%        N/A       5%          3
 Apportation              Tloc           14%        N/A       9%          1
 Summon Small Mammal      Summ           28%        N/A       9%          1
 Mephitic Cloud           Conj/Alch/Air  17%        N/A       10%         3
 Ensorcelled Hibernation  Hex/Ice        14%        N/A       14%         2
 Jinxbite                 Hex            14%        N/A       14%         2
 Fulminant Prism          Conj/Alch      11%        3d8       17%         4
 Iskenderun's Mystic Bla  Conj/Tloc      22%        2d6       17%         4
 Gell's Gravitas          Tloc           7%         N/A       26%         3
 Teleport Other           Tloc           7%         N/A       26%         3
 Curse of Agony           Necr           27%        N/A       28%         5
 Anguish                  Hex/Necr       8%         N/A       30%         4
 Silence                  Hex/Air        3%         N/A       94%         5
 Yara's Violent Unravell  Hex/Alch       3%         3d4       94%         5
 Dispersal                Tloc           3%         N/A       100%        6
 Enfeeble                 Hex            3%         N/A       100%        7


Dungeon Overview and Level Annotations

Branches:
Dungeon (7/15)             Temple (1/1) D:4         Ossuary (visited)
 Bailey (1/1)

Altars:
Cheibriados
Dithmenos
Gozag
Nemelex Xobeh
Qazlal
Sif Muna
Trog
Vehumet
Wu Jian
Xom
Yredelemnul
Zin
The Shining One
Lugonu


Innate Abilities, Weirdness & Mutations

You can breathe waves of freezing cold which knock back foes.
Your icy white scales are hard. (AC +7)
You cannot fit into any form of body armour.
Your flesh is cold resistant. (rC+)
You are cold-blooded and may be slowed by cold attacks.


Message History

The orc knight goes into a battle-frenzy!
You enter the shallow water.
Moving in this stuff is going to be slow.
The orc knight hits your orc zombie with a +0 halberd!!
Your orc zombie is destroyed!
The air fills with toxic fumes!
As you read the scroll of poison, it crumbles to dust.
Aiming: Searing Ray (safe; 1% risk of failure)
Press: ? - help, Q - select action, (/) - cycle Shift-Dir - straight line, f - orc knight
Aim: an orc knight, wielding a +0 glaive and wearing a +0 plate armour (strong, 81% to hit)
The searing ray hits your orc zombie!
You destroy your orc zombie!
The searing ray hits the orc knight.
The orc knight is lightly wounded.
The searing ray hits the orc knight.
The orc knight is lightly wounded. (Press . to maintain the ray.)
The searing ray hits the orc knight.
The orc knight is lightly wounded.
The searing ray hits the orc knight!
The orc knight is lightly wounded.
The orc knight is engulfed in poison gas.
The orc knight is poisoned.
The orc knight hits you from afar with a +0 halberd!!
Ouch! That really hurt!
You are engulfed in poison gas.
You are poisoned.
* * * LOW HITPOINT WARNING * * *
x2 You feel extremely sick.
The orc knight is engulfed in poison gas.
The orc knight looks even sicker.
The orc knight hits you but does no damage.
Okay, then.
You feel better.
You are engulfed in poison gas.
You are lethally poisoned!
* * * LOW HITPOINT WARNING * * *
x2 You feel very sick.
The orc knight hits you from afar with a +0 halberd!!
You die...
Your body rises from the dead as a mindless zombie.

.# .⌠∩⌠.§. #..~~.∩# ##
...oo§§ ##..~~.# # ≈≈≈≈.
##..~.# ..o ##.~.#
###########+###o#########.~.#
.......##.....##§§§§§§§§..~.#
~~~~~~..##.∩.##§o§§§☼§§☼~~~.#
.....)~..## ##§§~§§§§§§§....#
####..~~..###§§§@§☼##########
##..~~§☼§☼§§§§§##
##..~§☼§§§§§§## ##..☼§§§§§§##
###########


You could see 2 orc knights and an orc warrior (strong).

Vanquished Creatures
  A water moccasin (D:5)
  Duvessa (D:4)
  2 orc warriors (Bailey)
  An ogre (D:6)
  2 phantoms (D:6)
  2 bullfrogs (D:6)
  3 scorpions
  Dowan (D:4)
  3 bombardier beetles
  4 hounds
  An orc priest (D:5)
  2 gnoll boudas
  Ijyb (D:4)
  An iguana (D:5)
  4 scorpion zombies (Ossuary)
  A sleepcap (D:4)
  Natasha (twice) (D:3)
  An orc wizard (D:5)
  3 mummies (Ossuary)
  6 gnolls
  8 adders
  4 shadow imps
  A white imp (D:5)
  4 ufetubi
  5 adder zombies (Ossuary)
  A ribbon worm (D:3)
  2 dart slugs
  18 orcs
  4 bats
  9 endoplasms
  6 giant cockroaches
  3 gnoll zombies (Ossuary)
  10 hobgoblins
  2 jackals (D:1)
  6 kobolds
  4 quokkas
  4 ball pythons
  4 frilled lizards
  15 goblins
  2 jackal zombies (Ossuary)
  3 kobold zombies (Ossuary)
  An orc zombie (Bailey)
  4 rats
162 creatures vanquished.

Vanquished Creatures (collateral kills)
  A water moccasin (D:5)
  An orc warrior (D:6)
  A kobold brigand (D:6)
  A sleepcap (D:5)
  A gnoll (D:4)
  3 orcs
  A ball python (D:4)
  A goblin (D:7)
  A quokka (D:4)
11 creatures vanquished.

Vanquished Creatures (others)
  3 hound zombies
  An adder zombie (D:5)
  A gnoll zombie (D:6)
  A goblin zombie (D:4)
  A bombardier beetle zombie (D:4)
  A giant cockroach zombie (D:4)
  A hobgoblin zombie (D:4)
  A kobold zombie (D:4)
  3 orc zombies (Bailey)
  A spectral ufetubus (D:5)
14 creatures vanquished.

Grand Total: 187 creatures vanquished

Notes
Turn   | Place    | Note
-------+----------+-------------------------------------------
     0 | D:1      | AgateBread the Draconian Conjurer began the quest for the
                  | Orb.
     0 | D:1      | Reached XP level 1. HP: 14/14 MP: 3/3
   405 | D:1      | Reached XP level 2. HP: 20/20 MP: 1/5
   408 | D:1      | Learned a level 2 spell: Searing Ray
  1746 | D:1      | Reached skill level 5 in Conjurations
  1746 | D:1      | Reached XP level 3. HP: 26/26 MP: 2/6
  2458 | D:2      | Reached XP level 4. HP: 26/33 MP: 1/7
  3590 | D:3      | Identified the +1 robe "Laash" {rF+}
  3648 | D:3      | Noticed Natasha
  3650 | D:3      | Killed Natasha
  3651 | D:3      | Reached XP level 5. HP: 38/38 MP: 4/8
  4046 | D:3      | Found a glowing silver altar of Zin.
  4244 | D:3      | Noticed Natasha
  4252 | D:3      | Killed Natasha
  4502 | D:4      | Found a staircase to the Ecumenical Temple.
  4543 | Temple   | Entered the Ecumenical Temple
  4635 | Temple   | Became a worshipper of Yredelemnul the Dark
  4689 | D:4      | Noticed Ijyb
  4704 | D:4      | Killed Ijyb
  4801 | D:4      | Reached XP level 6. HP: 27/45 MP: 1/9
  4871 | D:4      | Reached * piety under Yredelemnul
  4938 | D:4      | Noticed Duvessa
  4947 | D:4      | Noticed Dowan
  4953 | D:4      | Your ally Ijyb died
  4961 | D:4      | Killed Duvessa
  4968 | D:4      | Killed Dowan
  4990 | D:4      | Found a sand-covered staircase.
  4995 | Ossuary  | Entered an ossuary
  5118 | Ossuary  | Your scales start taking on an icy white colour.
  5118 | Ossuary  | Reached XP level 7. HP: 50/50 MP: 7/11
  5118 | Ossuary  | Gained mutation: Your flesh is cold resistant. (rC+) [White
                  | Draconian growth]
  6184 | D:4      | Found an opulent altar of Gozag.
  6184 | D:4      | Found a radiant altar of Vehumet.
  6198 | D:4      | Reached skill level 5 in Spellcasting
  6537 | D:5      | Entered Level 5 of the Dungeon
  6537 | D:5      | Found a shadowy altar of Dithmenos.
  7006 | D:5      | Reached XP level 8. HP: 49/57 MP: 15/17
  7201 | D:5      | You fall into a shaft and drop 1 floor!
  8321 | D:6      | Learned a level 3 spell: Fugue of the Fallen
  8438 | D:6      | Reached skill level 1 in Necromancy
  8751 | D:6      | Found a bloodstained altar of Trog.
  8781 | D:6      | Reached XP level 9. HP: 45/62 MP: 16/21
  9318 | D:7      | Found a flagged portal.
  9334 | Bailey   | Entered a bailey
  9408 | Bailey   | Reached skill level 5 in Necromancy
  9562 | Bailey   | Noticed an orc knight
  9718 | Bailey   | Noticed an orc knight
  9718 | Bailey   | Noticed an orc knight
  9718 | Bailey   | Noticed an orc knight
  9728 | Bailey   | Demolished by an orc knight

Illustrated notes

Levels and vault maps discovered:
D:1:      moated_graveyard_arrival, layout_basic, item_on_display_a
D:2:      layout_rooms
D:3:      layout_basic, mainiacjoe_overflow_six_doors_small,
          grunt_decor_clamped, serial_park_tiny_2, st_stairs_14,
          chequers_serial_rivers_room_a, uniq_natasha
D:4:      layout_loops_ring, gammafunk_temple_overflow_pools,
          minmay_temple_entry_mist, enter_ossuary_5, uniq_ijyb, uniq_duvessa
D:5:      layout_cave_pools, grunt_dithmenos_smoke
D:6:      layout_layer_cave, trog_antimagical
D:7:      minmay_evil_eye, layout_cave_pods, lightli_temple_of_fire,
          lightli_bailey_entry_fortress, uniq_maggie
Temple:   corrupted_temple
Bailey:   bailey_polearm_1, bailey

Skill      XL: |  1  2  3  4  5  6  7  8  9 |
---------------+----------------------------+-----
Conjurations   | 5 6 7 8 |  8.0
Spellcasting   | 3 6 8 |  8.0
Necromancy     | 4 5 |  5.3
Dodging        | |  1.7
Stealth        | |  1.7

Action                     |  1- 3 |  4- 6 |  7- 9 || total
---------------------------+-------+-------+-------++-------
  Melee: Dagger            |    65 |   104 |   139 ||   308
         Tailslap          |    10 |    11 |    18 ||    39
         Punch             |       |       |     1 ||     1
   Cast: Magic Dart        |    12 |       |       ||    12
         Searing Ray       |    25 |    29 |    50 ||   104
 Invoke: Recall Undead Har |       |     1 |     1 ||     2
Ability: Breathe Frost     |       |       |     1 ||     1
  Evoke: Wand              |       |       |    14 ||    14
    Use: Scroll            |       |     8 |     6 ||    14
         Potion            |       |     1 |     1 ||     2
   Stab: Sleeping          |       |     1 |       ||     1
 Armour: Skin              |    44 |    69 |   154 ||   267
  Dodge: Dodged            |    40 |    95 |   157 ||   292
